Map: [ESL] Moondance

Players

MasTeR

  • Race: Protoss Protoss
  • Spawn Location: 6:00

Kelazhur - Winner!

  • Race: Terran Terran
  • Spawn Location: 12:00

Event: DreamHack SC2 Masters 2022 Atlanta (Online)

VOD

Have the link to the VOD?

Description

Time

  • Played on: Sept. 28, 2022, 4:45 p.m.
  • Length: 10:33

All games in this series

Show
View Real Time Build Order
Export as new Build Order

MasTeR Protoss 

Build Orders: 1 Gate Expand, Blink Stalkers 

Get SALT Encoding   

  12  0:00  Probe  
  13  0:12  Probe  
  14  0:17  Pylon  
  14  0:24  Probe (Chrono Boost)  
  15  0:36  Gateway, Probe (Chrono Boost)  
  16  0:45  Probe (Chrono Boost)  
  16  0:46  Assimilator  
  17  0:51  Probe  
  18  1:03  Probe  
  19  1:15  Probe  
  20  1:23  Cybernetics Core  
  20  1:32  Nexus  
  20  1:34  Probe  
  21  1:41  Pylon  
  21  1:47  Assimilator  
  21  1:49  Probe  
  22  1:57  Adept (Chrono Boost)  
  24  2:01  Probe  
  24  2:07  Warp Gate  
  24  2:13  Probe  
  25  2:18  Stalker (Chrono Boost)  
  27  2:25  Probe  
  28  2:34  Twilight Council  
  28  2:40  Probe (Chrono Boost)  
  29  2:44  Probe (Chrono Boost)  
  31  2:54  Probe (Chrono Boost)  
  31  2:55  Shield Battery, Probe (Chrono Boost)  
  32  2:59  Probe (Chrono Boost)  
  32  3:00  Stalker  
  32  3:02  Probe  
  36  3:07  Blink (Chrono Boost)  
  36  3:11  Probe  
  37  3:14  Probe  
  38  3:23  Gateway, Probe  
  38  3:26  Probe  
  40  3:32  Robotics Facility  
  40  3:38  Probe  
  42  3:41  Gateway  
  42  3:44  Gateway  
  41  3:50  Pylon  
  41  3:53  Probe x2  
  43  3:57  Stalker  
  43  4:05  Probe  
  44  4:10  Probe  
  41  4:28  Stalker x2  
  41  4:31  Warp Prism (Chrono Boost), Probe  
  44  4:35  Probe  
  44  4:37  Assimilator  
  48  4:43  Probe  
  48  4:45  Pylon  
  49  4:47  Stalker  
  49  4:50  Stalker  
  49  4:51  Probe  
  54  5:00  Pylon  
  54  5:03  Observer (Chrono Boost), Probe  
  54  5:04  Probe  
  57  5:07  Stalker  
  57  5:10  Stalker  
  61  5:15  Probe  
  61  5:17  Pylon  
  61  5:21  Stalker  
  64  5:35  Stalker x2  
  64  5:40  Probe  
  64  5:42  Probe  
  65  5:57  Stalker x2  
  65  6:02  Stalker  
  71  6:07  Observer, Probe x2  
  69  6:16  Nexus  
  69  6:19  Probe x2  
  69  6:21  Stalker  
  73  6:25  Assimilator  
  73  6:31  Probe  
  74  6:38  Pylon  
  74  6:48  Zealot x2  
  74  6:53  Pylon  
  78  6:54  Robotics Bay, Pylon  
  78  6:56  Forge  
  78  6:57  Charge (Chrono Boost)  
  78  7:03  Gateway  
  78  7:05  Probe x2  
  75  7:17  Probe x2  
  75  7:18  Pylon  
  75  7:19  Sentry, Gateway  
  79  7:22  Gateway  
  79  7:29  Probe x2  
  79  7:34  Protoss Ground Weapons Level 1 (Chrono Boost)  
  79  7:36  Probe  
  80  7:40  Colossus (Chrono Boost)  
  80  7:41  Probe  
  87  7:47  Probe  
  87  7:48  Stalker x2  
  87  7:49  Probe  
  93  7:53  Probe  
  94  7:58  Extended Thermal Lance (Chrono Boost)  
  94  7:59  Zealot x2  
  94  8:03  Probe  
  94  8:05  Probe  
  100  8:12  Photon Cannon  
  100  8:14  Sentry, Stalker  
  100  8:19  Assimilator  
  104  8:21  Gateway  
  104  8:29  Colossus (Chrono Boost)  
  104  8:33  Probe  
  104  8:34  Pylon  
  111  8:41  Zealot x4  
  111  8:46  Stalker x2  
  123  8:57  Photon Cannon  
  123  9:01  Pylon  
  123  9:04  Forge  
  123  9:05  Zealot x2, Sentry x2  
  127  9:15  Zealot x3  
  109  9:22  Zealot  
  109  9:23  Pylon  
  111  9:26  Templar Archives  
  111  9:27  Zealot x2  
  113  9:31  Zealot  
  113  9:38  Zealot x3  
  93  9:46  Zealot  
  93  9:47  Sentry  
  93  9:48  Sentry  
  99  9:54  Zealot x2  
  81  10:01  Zealot  
  81  10:02  Zealot x2  
  87  10:11  High Templar x2  
  91  10:14  Zealot x2, Pylon  
  91  10:15  Archon  
  91  10:17  Zealot  
  97  10:22  Zealot  
Show
View Real Time Build Order
Export as new Build Order

Kelazhur Terran - Winner!

Build Orders:  

Get SALT Encoding   

  12  0:00  SCV  
  13  0:12  SCV  
  14  0:17  Supply Depot  
  14  0:24  SCV  
  15  0:38  SCV  
  15  0:39  Barracks  
  15  0:42  Refinery  
  16  0:50  SCV  
  16  0:52  Refinery  
  17  1:02  SCV  
  18  1:15  SCV  
  18  1:17  Supply Depot  
  19  1:26  Reaper  
  19  1:27  Orbital Command  
  20  1:41  Factory  
  20  1:52  SCV  
  21  1:58  Barracks Reactor  
  21  2:05  SCV  
  22  2:15  Command Center  
  22  2:18  SCV  
  23  2:26  Widow Mine  
  25  2:30  SCV  
  25  2:36  Starport  
  26  2:42  SCV  
  29  2:46  Supply Depot  
  29  2:50  Widow Mine, Marine x2  
  31  3:08  SCV, Marine x2  
  28  3:12  Medivac  
  34  3:14  Widow Mine  
  38  3:24  SCV  
  39  3:27  Orbital Command  
  39  3:28  Marine x2  
  41  3:36  SCV  
  41  3:37  Factory Tech Lab  
  42  3:42  Engineering Bay  
  42  3:48  SCV  
  43  3:49  Orbital Command  
  43  3:53  Marine x2  
  46  3:57  Siege Tank  
  46  4:00  SCV  
  49  4:09  Liberator  
  51  4:12  SCV  
  52  4:19  SCV  
  53  4:24  SCV  
  53  4:30  Bunker  
  54  4:32  Supply Depot  
  54  4:33  Siege Tank  
  54  4:35  SCV  
  54  4:36  SCV  
  54  4:38  Marine x2  
  59  4:45  Bunker  
  59  4:49  SCV x2  
  61  4:54  Starport Tech Lab  
  61  4:56  Marine x2  
  63  5:00  Supply Depot  
  63  5:01  SCV  
  63  5:03  SCV  
  63  5:05  Siege Tank  
  68  5:13  Marine x2  
  70  5:19  Supply Depot, Barracks  
  70  5:22  SCV x2  
  72  5:28  Supply Depot  
  72  5:34  SCV  
  72  5:35  SCV, Marine x2  
  72  5:43  Siege Tank  
  72  5:46  SCV  
  72  5:47  SCV  
  73  5:58  SCV, Marine x2  
  73  5:59  SCV  
  77  6:05  Barracks  
  77  6:06  Refinery  
  77  6:07  Refinery, Terran Infantry Weapons Level 1  
  77  6:10  SCV  
  77  6:11  SCV  
  76  6:16  Marine  
  76  6:17  Siege Tank, Marine  
  81  6:21  Supply Depot  
  81  6:22  SCV  
  81  6:23  SCV, Marauder, Starport Reactor  
  85  6:31  Supply Depot  
  85  6:35  SCV, Command Center  
  85  6:36  Marine x2  
  85  6:38  Stimpack  
  88  6:42  Supply Depot  
  88  6:45  Marauder  
  90  6:51  SCV  
  91  6:57  Marine x2  
  91  6:58  Supply Depot, Starport Reactor  
  91  7:01  SCV  
  94  7:02  Factory Reactor  
  94  7:05  Combat Shield  
  94  7:06  Marauder  
  94  7:07  SCV  
  97  7:13  SCV  
  94  7:16  Marauder, Marine x2  
  94  7:19  SCV  
  94  7:21  Supply Depot  
  99  7:25  SCV  
  99  7:28  Missile Turret  
  99  7:29  Missile Turret  
  100  7:31  SCV  
  100  7:35  Marine x2  
  100  7:36  Marauder  
  105  7:37  SCV, Marine  
  105  7:43  SCV  
  107  7:46  Widow Mine x2  
  107  7:48  Medivac x2  
  115  7:53  SCV  
  115  7:57  Orbital Command  
  116  7:59  Marauder, Marine  
  116  8:00  Marine  
  116  8:04  Marauder  
  122  8:08  SCV  
  122  8:12  Widow Mine x2  
  127  8:17  Barracks  
  127  8:18  Barracks  
  127  8:22  Viking  
  129  8:28  Marauder x2, Marine x2  
  135  8:36  Widow Mine x2  
  135  8:38  Viking  
  135  8:39  Refinery  
  135  8:40  SCV  
  142  8:43  SCV x2  
  142  8:45  Supply Depot  
  144  8:49  Marine x2  
  144  8:54  Armory, Marauder  
  148  8:56  SCV  
  148  9:02  Supply Depot  
  149  9:03  Supply Depot  
  149  9:04  Supply Depot  
  149  9:07  SCV, Marauder, Marine x2  
  154  9:15  Widow Mine  
  154  9:16  Marauder  
  148  9:18  Concussive Shells  
  148  9:22  Barracks Reactor, Barracks Tech Lab  
  145  9:25  Marine  
  145  9:29  Marauder  
  147  9:37  Marauder, Marine  
  146  9:39  Widow Mine x2  
  146  9:42  Marine  
  146  9:43  Viking x2  
  146  9:45  Marauder  
  153  9:50  Command Center, Marauder  
  153  9:51  Ghost Academy  
  149  9:59  Marauder  
  138  10:00  Marine x3  
  138  10:05  Marine  
  138  10:06  Marine  
  147  10:07  Widow Mine x2  
Tags
 
Add a new tag
Caveats
  • Supply blocks, unpowered buildings, or Contaminate may cause inaccurate times.
  • Supply counts are checked every 10 seconds.